 Dungeon Crawl Stone Soup version 0.22.0-36-g8e74550 (webtiles) character file.

39 Folque the Sneak (level 3, -1/28 HPs)
             Began as a Naga Enchanter on Aug 24, 2018.
             Slain by an adder (3 damage)
             ... on level 2 of the Dungeon.
             The game lasted 00:06:06 (1433 turns).

Folque the Sneak (Naga Enchanter)                   Turns: 1433, Time: 00:06:06

Health: -1/28      AC:  3    Str: 10    XL:     3   Next: 45%
Magic:  1/6        EV: 10    Int: 15    God:
Gold:   45         SH:  0    Dex: 12    Spells: 3/6 levels left

rFire    + . .     SeeInvis +   a - +1 dagger
rCold    + . .     Gourm    .   (no shield)
rNeg     . . .     Faith    .   b - +0 robe
rPois    +         Spirit   .   (no helmet)
rElec    +         Reflect  .   (no cloak)
rCorr    +         Harm     .   i - +0 pair of gloves
MR       .....                  (no barding)
Stlth    +++.......             (no amulet)
HPRegen  0.09/turn              (no ring)
MPRegen  0.10/turn              (no ring)

@: resistant, hasted (expiring), quick
A: large, see invisible, deformed body, poison resistance, slowness 2, slow
metabolism 1, spit poison 1, AC +1
a: Spit Poison


You were on level 2 of the Dungeon.
You were very hungry.

You visited 1 branch of the dungeon, and saw 2 of its levels.

You collected 45 gold pieces.

Inventory:

Hand Weapons
 a - a +1 dagger (weapon)
Armour
 b - a +0 robe (worn)
 i - a +0 pair of gloves (worn)
Scrolls
 f - a scroll of random uselessness
Potions
 e - a potion of cancellation
Comestibles
 d - 3 rations


   Skills:
 - Level 1.0 Short Blades
 - Level 1.5 Dodging
 + Level 5.4 Stealth
 - Level 2.0 Spellcasting
 * Level 3.7 Hexes
 + Level 0.9 Ice Magic


You had 3 spell levels left.
You knew the following spells:

 Your Spells              Type           Power        Failure   Level  Hunger
a - Corona                Hex            ##.....      4%          1    #......
b - Ensorcelled Hibernat  Hex/Ice        #.....       13%         2    ###....

Your spell library contained the following spells:

 Spells                   Type           Power        Failure   Level  Hunger
 Confuse                  Hex            ##......     14%         3    ###....
 Tukima's Dance           Hex            ##......     14%         3    ###....
 Dazzling Spray           Conj/Hex       #.....       30%         3    ###....


Dungeon Overview and Level Annotations

Branches:
Dungeon (2/15)

Altars:


Innate Abilities, Weirdness & Mutations

You cannot wear boots.
Your serpentine skin is tough. (AC +1)
You have supernaturally acute eyesight. (SInv)
Armour fits poorly on your strangely shaped body.
Your system is resistant to poisons. (rPois)
You cover ground very slowly.
You have a slow metabolism.
You can spit poison.


Message History

The adder barely misses you. The adder bites you.
* * * LOW HITPOINT WARNING * * *
Casting: Corona (safe; 4% risk of failure)
Confirm with . or Enter, or press ? or * to list all spells.
Aiming: Ensorcelled Hibernation (safe; 13% risk of failure)
Press: ? - help, Shift-Dir - straight line, f/p - adder
Aim: an adder (moderately wounded, chance to defeat MR: 49%)
The adder resists with some effort.
The adder closely misses you.
It was a potion of resistance.
You feel protected. The adder completely misses you.
The adder barely misses you.
You see here 2 purple potions.
The adder bites you.
* * * LOW HITPOINT WARNING * * *
Your extra speed is starting to run out.
Found a ration.
The adder bites you.
You die...

#...............#.#
##########.<......#
#.#..#...# #.#......#
############.#......#
...........$.#...#..#
.%..............$...#
....................####
.......@S...!.....>.....
########################


You could see an adder.

Vanquished Creatures
  An adder (D:2)
  An ooze (D:1)
  8 bats (D:1)
  3 giant cockroaches
  A goblin (D:1)
  4 hobgoblins (D:1)
  2 frilled lizards (D:1)
  3 kobolds
  A rat (D:1)
24 creatures vanquished.

Notes
Turn   | Place    | Note
-------+----------+-------------------------------------------
     0 | D:1      | Folque the Naga Enchanter began the quest for the Orb.
     0 | D:1      | Reached XP level 1. HP: 15/15 MP: 3/3
    89 | D:1      | Reached skill level 5 in Stealth
    97 | D:1      | Reached XP level 2. HP: 9/22 MP: 0/5
   147 | D:1      | Learned a level 2 spell: Ensorcelled Hibernation
   764 | D:1      | Reached XP level 3. HP: 18/28 MP: 0/6
  1433 | D:2      | Slain by an adder

Skill      XL: |  1 |
---------------+----+-----
Stealth        | 5 |  5.4
Short Blades   | |  1.0
Dodging        | |  1.5
Spellcasting   | |  2.0
Hexes          | |  3.7
Ice Magic      | |  0.9

Action                   || total
-------------------------++-------
Melee: Dagger            ||   113
 Cast: Corona            ||    17
       Ensorcelled Hiber ||     5
  Use: Scroll            ||     2
       Potion            ||     2
 Stab: Sleeping          ||     5
Armor: Robe              ||    36
Dodge: Dodged            ||    92
